 Dungeon Crawl Stone Soup version 0.26.0-10-g1f06aea511 (webtiles) character file.

Game seed: 5633114987172636314

2935 Borgoz the Slasher (level 9, 0/75 HPs)
             Began as a Ghoul Gladiator on Jan 13, 2021.
             Was a Believer of Ashenzari.
             Slain by a wolf (4 damage)
             ... led by Grum
             ... on level 8 of the Dungeon.
             The game lasted 00:11:05 (9214 turns).

Borgoz the Slasher (Ghoul Gladiator)                Turns: 9214, Time: 00:11:05

Health: 0/75       AC: 14    Str: 20    XL:     9   Next: 80%
Magic:  8/8        EV: 12    Int:  3    God:    Ashenzari [**....]
Gold:   548        SH:  0    Dex: 11    Spells: 8/8 levels left

rFire    . . .     SeeInvis .   a - +1 long sword
rCold    + . .     Faith    .   (no shield)
rNeg     + + +     Spirit   .   g - +2 scale mail {Will+}
rPois    ∞         Reflect  .   c - +0 helmet
rElec    .         Harm     .   (no cloak)
rCorr    .         Rampage  .   n - +0 pair of gloves
Will     +....                  j - +1 pair of boots
Stlth    ..........             (no amulet)
HPRegen  0.00/turn              (no ring)
MPRegen  0.11/turn              (no ring)

@: flying, studying Translocations
A: claws 1, cold resistance 1, negative energy resistance 3, inhibited
regeneration, torment resistance, unbreathing
a: Renounce Religion, Curse Item, Scrying


You were on level 8 of the Dungeon.
You worshipped Ashenzari.
Ashenzari was pleased with you.
You visited 2 branches of the dungeon, and saw 9 of its levels.

You collected 548 gold pieces.

Inventory:

Hand Weapons
 a - a +1 long sword (weapon)
Missiles
 d - 4 throwing nets (quivered)
Armour
 c - a +0 helmet (worn)
 g - a +2 scale mail of willpower (worn)
 j - a +1 pair of boots (worn)
 n - a +0 pair of gloves (worn)
Jewellery
 b - an uncursed ring of see invisible
 i - an uncursed ring of ice
 o - an uncursed ring of fire
Wands
 h - a wand of iceblast (10)
 y - a wand of paralysis (21)
 B - a wand of acid (11)
Scrolls
 e - 3 scrolls of remove curse
 f - a scroll of amnesia
 p - a scroll of teleportation
 t - 2 scrolls of enchant armour
Potions
 k - 2 potions of haste
 l - a potion of brilliance
 m - a potion of flight
 z - a potion of cancellation
Books
 A - a manual of Translocations


   Skills:
 + Level 6.2 Fighting
 * Level 7.6 Long Blades
 - Level 1.7 Throwing
 * Level 6.9 Armour
 + Level 5.6 Dodging


You had 8 spell levels left.
You didn't know any spells.
Your spell library was empty.

Dungeon Overview and Level Annotations

Branches:
Dungeon (8/15)             Temple (1/1) D:7
   Lair: D:8-11

Altars:
Ashenzari
Cheibriados
Fedhas
Gozag
Hepliaklqana
Kikubaaqudgha
Makhleb
Nemelex Xobeh
Okawaru
Qazlal
Ru
Sif Muna
Trog
Uskayaw
Vehumet
Wu Jian
Xom
Zin

Annotations:
D:8 Grum


Innate Abilities, Weirdness & Mutations

You thrive by killing the living.
You are immune to poison.
You have sharp fingernails.
Your flesh is cold resistant. (rC+)
You are immune to negative energy. (rN+++)
You do not regenerate when monsters are visible.
You are immune to unholy pain and torment.
You can survive without breathing.


Message History

The wolf is severely wounded.
The wolf bites you.
* * * LOW HITPOINT WARNING * * *
Grum hits you but does no damage.
You miss the wolf.
The wolf is severely wounded.
The wolf bites you!
* * * LOW HITPOINT WARNING * * *
Grum hits you from afar with a -1 spear.
* * * LOW HITPOINT WARNING * * *
The wolf bites you but does no damage.
You miss the wolf.
The wolf is severely wounded.
The wolf bites you.
* * * LOW HITPOINT WARNING * * *
Grum misses you. The wolf bites you but does no damage.
It was a potion of flight.
You feel very buoyant.
You fly up into the air.
The wolf bites you.
You die...

, #.#...####.#
* **, ,
#.#........#
#.#.#.###### *
, ,
#.#.#......#,
, ,
*#.#.######.#,
** , *
,*#.#........#
* * *
#.......#### *
#.......'..# ,
, ##......##@#
* *
#.......#h#,
#####..{gh#
...?....###.#
............#
............#*
*...........$+
*............#
*
.........<..#


You could see Grum and 2 wolves.

Vanquished Creatures
  Eustachio (D:4)
  Menkaure (D:4)
  2 orc warriors
  2 ice beasts
  2 sky beasts
  A phantom (D:5)
  4 ogres
  A wolf (D:8)
  2 centaurs
  Blork the orc (D:4)
  3 bullfrogs
  A wyvern skeleton (D:6)
  A water moccasin skeleton (D:7)
  A scorpion (D:4)
  4 wights (D:6)
  3 jellies
  A centaur skeleton (D:7)
  An orc priest (D:5)
  2 hounds
  9 orc wizards
  5 worker ants
  Terence (D:2)
  A hound skeleton (D:4)
  3 gnolls
  11 adders
  A white imp (D:4)
  An ufetubus (D:5)
  3 adder skeletons
  A worm (D:3)
  4 dart slugs
  7 leopard geckos
  22 orcs
  17 giant cockroaches
  7 hobgoblins
  16 jackals
  6 kobolds
  4 quokkas
  2 ball pythons
  5 bats
  10 frilled lizards
  9 goblins
  A leopard gecko zombie (D:7)
  6 rats
186 creatures vanquished.

Vanquished Creatures (others)
  A plant (D:8)
1 creature vanquished.

Grand Total: 187 creatures vanquished

Notes
Turn   | Place    | Note
-------+----------+-------------------------------------------
     0 | D:1      | Borgoz the Ghoul Gladiator began the quest for the Orb.
     0 | D:1      | Reached XP level 1. HP: 17/17 MP: 0/0
   378 | D:1      | Reached XP level 2. HP: 23/24 MP: 1/1
   478 | D:1      | Reached skill level 1 in Armour
   480 | D:1      | Reached skill level 3 in Long Blades
   879 | D:1      | Reached XP level 3. HP: 30/30 MP: 2/2
  1319 | D:2      | Found a blossoming altar of Fedhas.
  1382 | D:2      | Reached XP level 4. HP: 30/37 MP: 3/3
  2055 | D:3      | Reached XP level 5. HP: 26/44 MP: 4/4
  2290 | D:3      | Found an opulent altar of Gozag.
  2381 | D:3      | Found a stormy altar of Qazlal.
  2511 | D:3      | Noticed Terence
  2758 | D:2      | Killed Terence
  2759 | D:2      | Reached skill level 4 in Long Blades
  3152 | D:3      | Found a broken altar of Ashenzari.
  3159 | D:3      | Became a worshipper of Ashenzari the Shackled
  3295 | D:4      | Found a sacrificial altar of Ru.
  3298 | D:4      | Reached XP level 6. HP: 51/51 MP: 5/5
  3490 | D:4      | Noticed Blork the orc
  3500 | D:4      | Killed Blork the orc
  3540 | D:4      | Found a snail-covered altar of Cheibriados.
  3577 | D:4      | Reached XP level 7. HP: 28/58 MP: 6/6
  3893 | D:4      | Found a shimmering altar of Xom.
  4120 | D:4      | Noticed Menkaure
  4135 | D:4      | Killed Menkaure
  4136 | D:4      | Reached skill level 5 in Long Blades
  4274 | D:4      | Noticed Eustachio
  4290 | D:4      | Killed Eustachio
  4291 | D:4      | Reached XP level 8. HP: 38/67 MP: 7/7
  4660 | D:5      | Entered Level 5 of the Dungeon
  5100 | D:5      | Reached skill level 5 in Armour
  5170 | D:5      | Reached skill level 6 in Long Blades
  5340 | D:5      | Reached skill level 5 in Fighting
  5569 | D:6      | Reached * piety under Ashenzari
  5860 | D:6      | Reached XP level 9. HP: 56/74 MP: 8/8
  6162 | D:6      | Reached skill level 5 in Dodging
  7295 | D:7      | Reached skill level 7 in Long Blades
  7385 | D:7      | Found a staircase to the Ecumenical Temple.
  8375 | D:7      | Found a shimmering blue altar of Sif Muna.
  8420 | D:7      | Reached ** piety under Ashenzari
  8858 | Temple   | Entered the Ecumenical Temple
  9191 | D:8      | Noticed Grum
  9214 | D:8      | Slain by a wolf

Illustrated notes

Levels and vault maps discovered:
D:1:      lightli_arrival_noodles, layout_loops_ring
D:2:      layout_loops_cross, lemuel_coloured_pillars_altar
D:3:      minmay_roachtagon, layout_basic, general_overflow_altar,
          lemuel_doored_altar, grunt_gozag_statues, uniq_terence
D:4:      layout_loops_ring, nicolae_overflow_crystal_walls, old_standard_altar,
          nicolae_ru_great_annihilating_truth, minmay_puff, uniq_blork_the_orc,
          uniq_eustachio, uniq_menkaure
D:5:      layout_loops_cross, minmay_manual_mullet
D:6:      layout_gridville
D:7:      layout_cave_pods, tgw_sif, minmay_temple_entry_trees
D:8:      layout_basic, yredelemnul_forgotten_temple_becter, david_lair_generic,
          uniq_grum, uniq_prince_ribbit1
Temple:   cyrus_temple_forest

Skill      XL: |  1  2  3  4  5  6  7  8  9 |
---------------+----------------------------+-----
Armour         | 1 2 3 4 5 6 |  6.9
Long Blades    | 3 4 5 6 7 |  7.6
Dodging        | 3 4 5 |  5.6
Fighting       | 3 4 5 6 |  6.2
Throwing       | |  1.7

Action                   |  1- 3 |  4- 6 |  7- 9 || total
-------------------------+-------+-------+-------++-------
Melee: Long sword        |   133 |   219 |   483 ||   835
Throw: Throwing net      |     1 |       |     5 ||     6
Evoke: Wand              |       |       |     2 ||     2
  Use: Scroll            |       |     3 |    11 ||    14
       Potion            |       |     1 |    12 ||    13
 Stab: Paralysed         |       |     1 |       ||     1
       Invisible         |       |       |     1 ||     1
Armor: Leather armour    |    48 |    72 |       ||   120
       Scale mail        |       |    44 |   301 ||   345
Dodge: Dodged            |   106 |   175 |   331 ||   612
       Rpst.: Long sword |    33 |    58 |    99 ||   190
